 Dungeon Crawl Stone Soup version 0.25.1-2-g60ff931df9 (webtiles) character file.

Game seed: 5981772320900074268

582 Drachen the Covered (level 6, 48/48 HPs)
             Began as a Demigod Gladiator on Oct 11, 2020.
             Quit the game on level 4 of the Dungeon.
             The game lasted 00:10:33 (4487 turns).

Drachen the Covered (Demigod Gladiator)             Turns: 4487, Time: 00:10:33

Health: 48/48      AC: 14    Str: 19    XL:     6   Next: 90%
Magic:  8/8        EV: 10    Int: 12    God:
Gold:   87         SH:  0    Dex: 26    Spells: 5/5 levels left

rFire    x . .     SeeInvis .   u - +6 mace of the Priest {vorpal, rPois rF- Dex+7 Stlth-}
rCold    . . .     Gourm    .   (no shield)
rNeg     . . .     Faith    .   i - +0 chain mail
rPois    +         Spirit   .   c - +0 helmet
rElec    .         Reflect  .   r - +1 cloak
rCorr    .         Harm     .   (no gloves)
MR       .....                  s - +0 pair of boots
Stlth    ..........             p - amulet of the acrobat
HPRegen  0.16/turn              (no ring)
MPRegen  0.11/turn              (no ring)

@: no status effects
A: high mp 1
a: no special abilities


You were on level 4 of the Dungeon.
You were not hungry.

You visited 1 branch of the dungeon, and saw 4 of its levels.

You collected 180 gold pieces.
You spent 93 gold pieces at shops.

Inventory:

Hand Weapons
 a - a +1 trident
 u - the +6 mace of the Priest (weapon) {vorpal, rPois rF- Dex+7 Stlth-}
   (You found it on level 4 of the Dungeon)

   It inflicts extra damage upon your enemies.
   It affects your dexterity (+7).
   It makes you vulnerable to fire.
   It protects you from poison.
   It makes you less stealthy.
Armour
 b - a +0 leather armour
 c - a +0 helmet (worn)
 i - a +0 chain mail (worn)
 r - a +1 cloak (worn)
 s - a +0 pair of boots (worn)
Jewellery
 p - an amulet of the acrobat (around neck)
Scrolls
 e - a scroll of enchant weapon
 g - a scroll of remove curse
 j - 3 scrolls of enchant armour
 k - a scroll of magic mapping
 l - a scroll of immolation
 m - 2 scrolls of amnesia {unknown}
 o - a scroll of fear
Potions
 d - a potion of might
 h - a potion of curing
 n - a potion of heal wounds
 q - 2 potions of flight
 w - a potion of stabbing
Comestibles
 f - 14 rations
 t - 12 chunks of flesh


   Skills:
 - Level 2.0 Fighting
 + Level 1.0 Maces & Flails
 - Level 4.2 Polearms
 - Level 2.0 Throwing
 * Level 4.5 Armour
 + Level 4.3 Dodging


You had 5 spell levels left.
You didn't know any spells.
Your spell library was empty.

Dungeon Overview and Level Annotations

Branches:
Dungeon (4/15)
 Temple: D:4-7

Shops:
D:4 *(!


Innate Abilities, Weirdness & Mutations

You have an increased reservoir of magic. (+10% MP)


Message History

No target in view!
Things that are here:
a +0 giant spiked club; an ogre corpse You butcher the ogre corpse.
t - 12 chunks of flesh (gained 5)
Things that are here:
a +0 giant spiked club; an ogre skeleton
Things that are here:
a +0 giant spiked club; an ogre skeleton
Found a leather armour.
You see here a leather armour.
m - 2 scrolls labeled TYNWOZ PIYMO (gained 1)
There is a stone staircase leading down here.
Things that are here:
a cursed -3 falchion; a +0 leather armour You see here a robe.
As you open the door, it creaks loudly!
A quokka comes into view.
Found 16 gold pieces.
Are you sure you want to abandon this character and quit the game? (Confirm with "yes".)

..#....###.##.# ..#....# #.##.#
***** .......# #.##.# *,,,,
.......# #.##.# *,*** .#.....#
#.##.# *,*,, .#....## #.##.#
***#### ****,*,, .#....####.##.#
*,....# *,,*,*,*
...........##.####.....#**,,*,,,,
................@'....r.,,,,,,>,,
.......######.#.##.....$**,,*,,,,
.....#........#+##,.....**,,*,,,,
.....#..###......#**#...,,,,*,,,,
.#####..# #......# *,..,,,,*,,,,
## #..# #......# *,,.,,,,*,,,, #
#..# #......# *,,,**,,*,,,,
##.###......########*,,*,,,,
#..................,,,,,,,,


You could see a quokka.

Vanquished Creatures
  Sigmund (D:3)
  An ogre (D:4)
  A jelly (D:2)
  Crazy Yiuf (D:3)
  2 orc wizards (D:4)
  Natasha (D:2)
  Terence (D:3)
  7 adders
  3 oozes
  2 worms
  A dart slug (D:1)
  A leopard gecko (D:1)
  5 orcs
  4 giant cockroaches
  10 goblins
  7 hobgoblins
  13 jackals
  7 kobolds
  2 quokkas (D:3)
  A ball python (D:2)
  9 bats
  4 frilled lizards
  10 rats
94 creatures vanquished.

Notes
Turn   | Place    | Note
-------+----------+-------------------------------------------
     0 | D:1      | Drachen the Demigod Gladiator began the quest for the Orb.
     0 | D:1      | Reached XP level 1. HP: 17/17 MP: 3/3
   112 | D:1      | Reached XP level 2. HP: 24/24 MP: 4/4
   517 | D:1      | Reached skill level 1 in Armour
   871 | D:1      | Reached XP level 3. HP: 29/29 MP: 5/5
  1509 | D:2      | Reached XP level 4. HP: 28/36 MP: 6/6
  1784 | D:2      | Noticed Natasha
  1790 | D:2      | Killed Natasha
  2358 | D:2      | Reached XP level 5. HP: 37/41 MP: 7/7
  2867 | D:3      | Noticed Terence
  2879 | D:3      | Killed Terence
  3137 | D:3      | Noticed Sigmund
  3189 | D:3      | Killed Sigmund
  3189 | D:3      | Reached XP level 6. HP: 13/48 MP: 8/8
  3712 | D:3      | Found a runed translucent door.
  3713 | D:3      | Noticed Crazy Yiuf
  3763 | D:3      | Killed Crazy Yiuf
  4065 | D:4      | Found Pouwkel's Weapon Emporium.
  4099 | D:4      | Got an encrusted mace
  4100 | D:4      | Identified the +6 mace of the Priest {vorpal, rPois rF-
                  | Dex+7 Stlth-} (You found it on level 4 of the Dungeon)
  4115 | D:4      | Found Zirchar's Assorted Antiques.
  4120 | D:4      | Bought a glowing amethyst potion for 21 gold pieces
  4120 | D:4      | Bought a scroll labeled YPRUNU FIQU for 24 gold pieces
  4257 | D:4      | Found Bojip's Distillery.
  4262 | D:4      | Bought a potion of might for 48 gold pieces
  4406 | D:4      | Reached skill level 1 in Maces & Flails
  4487 | D:4      | Quit the game

Illustrated notes

Levels and vault maps discovered:
D:1:      lightli_arrival_lavapool, layout_basic
D:2:      layout_basic, first_ration, uniq_natasha
D:3:      minmay_evil_eye, layout_loops_ring, serial_forest,
          infiniplex_forest_lined_1, infiniplex_forest_end_1,
          infiniplex_forest_lined_2, infiniplex_forest_straight_2,
          infiniplex_forest_diagonal, infiniplex_forest_zigzag_1,
          infiniplex_forest_lined_2, uniq_sigmund, uniq_crazy_yiuf_cottage,
          uniq_terence
D:4:      layout_basic, serial_shops,
          nicolae_shop_temple_entry_statues_fountains, shop, shop, st_stairs_7

Skill      XL: |  1  2  3  4  5  6 |
---------------+-------------------+-----
Fighting       | 2 |  2.0
Throwing       | 2 |  2.0
Polearms       | 3 4 |  4.2
Dodging        | 3 4 |  4.3
Armour         | 1 2 3 4 |  4.5
Maces & Flails | 1 |  1.0

Action                   |  1- 3 |  4- 6 || total
-------------------------+-------+-------++-------
Melee: Trident           |   124 |   235 ||   359
       Mace              |       |    17 ||    17
Throw: Throwing net      |       |     4 ||     4
  Use: Potion            |       |     7 ||     7
       Scroll            |       |     9 ||     9
 Stab: Sleeping          |     1 |       ||     1
       Held in net/web   |       |     1 ||     1
       Invisible         |       |     1 ||     1
  Eat: Chunk             |     2 |    10 ||    12
Armor: Leather armour    |    19 |       ||    19
       Chain mail        |    42 |    92 ||   134
       Skin              |       |     7 ||     7
Dodge: Dodged            |    67 |   109 ||   176
